 Dungeon Crawl Stone Soup version 0.30-a0-711-gf4ac18a38d (webtiles) character file.

Game seed: 6753595650719754078

59 Darius099 the Shield-Bearer (level 4, 0/29 HPs)
             Began as a Gargoyle Fighter on Jan 23, 2023.
             Slain by Grinder (2 damage)
             ... on level 3 of the Dungeon.
             The game lasted 00:02:17 (2110 turns).

Darius099 the Shield-Bearer (Gargoyle Fighter)      Turns: 2110, Time: 00:02:18

Health: 0/29       AC: 10    Str: 19    XL:     4   Next: 3%
Magic:  4/4        EV:  9    Int:  9    God:
Gold:   145        SH:  9    Dex: 11    Spells: 3/3 levels left

rFire   . . .      SeeInvis .    a - +0 flail
rCold   . . .      Faith    .    c - +0 buckler
rNeg    + . .      Spirit   .    b - +0 scale mail
rPois   ∞          Reflect  +    (no helmet)
rElec   +          Harm     .    (no cloak)
rCorr   .          Rampage  .    (no gloves)
Will    .....                    (no boots) Stlth
                                 e - amulet of reflection
HPRegen 0.24/turn                g - ring of flight
MPRegen 0.09/turn                (no ring)

@: flying
A: sickness immunity, AC +3, negative energy resistance 1, electricity
resistance, torment resistance 1, petrification resistance
a: no special abilities


You were on level 3 of the Dungeon.
You visited 1 branch of the dungeon, and saw 3 of its levels.

You collected 145 gold pieces.

Inventory:

Hand Weapons
 a - a +0 flail (weapon)
Armour
 b - a +0 scale mail (worn)
 c - a +0 buckler (worn)
Jewellery
 e - an amulet of reflection (around neck)
 g - a ring of flight (left hand)
Scrolls
 f - a scroll of acquirement {unknown}
 i - 3 scrolls of poison {unknown}
 j - a scroll of immolation {unknown}
 k - 2 scrolls of magic mapping {unknown}
 o - a scroll of blinking {unknown}
 p - 2 scrolls of teleportation {unknown}
 q - 2 scrolls of fog {unknown}
Potions
 d - 2 potions of might
 h - a potion of degeneration {unknown}
 l - a potion of curing {unknown}
 m - 2 potions of berserk rage {unknown}
 n - a potion of magic {unknown}


   Skills:
 + Level 3.8 Fighting
 + Level 2.5 Maces & Flails
 + Level 3.8 Armour
 + Level 0.4 Dodging
 + Level 3.8 Shields


You had 3 spell levels left.
You didn't know any spells.
Your spell library contained the following spells:

 Spells                   Type           Power      Damage    Failure   Level
 Slow                     Hex            0%         N/A       83%         1
 Blink                    Tloc           0%         N/A       93%         2
 Wereblood                Tmut           0%         N/A       93%         2
 Confusing Touch          Hex            0%         N/A       99%         3
 Ignite Poison            Fire/Tmut/Pois 0%         N/A       99%         3
 Kindle Blastsparks       Fire/Tloc/Air  0%         2d10      99%         3
 Vampiric Draining        Necr           0%         2d6       99%         3
 Manifold Assault         Tloc           0%         N/A       100%        4
 Freezing Cloud           Conj/Ice/Air   0%         6-21      100%        5
 Conjure Ball Lightning   Conj/Air       0%         3x3d6     100%        6
 Storm Form               Tmut/Air       0%         N/A       100%        7
 Summon Hydra             Summ           0%         N/A       100%        7
 Discord                  Hex            0%         N/A       100%        8
 Disjunction              Tloc           0%         N/A       100%        8
 Sublimation of Blood     Necr           Unusable   N/A       N/A         2

Dungeon Overview and Level Annotations

Branches:
Dungeon (3/15)

Altars:

Shops:
D:1 *

Annotations:
D:3 Grinder


Innate Abilities, Weirdness & Mutations

You are immune to sickness and miasma.
Your stone body is resilient. (AC +3)
You are immune to poison.
You resist negative energy. (rN+)
You are resistant to electric shocks. (rElec)
You are resistant to unholy torment.
You are immune to petrification.


Message History

Grinder gestures at you. You resist with significant effort.
You hit Grinder.
Grinder is lightly wounded.
Grinder gestures at you.
You are unaffected.
You block Grinder's attack.
You hit Grinder.
Grinder is moderately wounded.
Grinder blinks!
You see here a +0 robe.
Grinder is nearby!
Grinder is nearby!
Grinder is nearby!
Grinder gestures at you.
You suddenly lose the ability to move!
You can move again.
You completely miss Grinder.
Grinder is moderately wounded.
You block Grinder's attack. Grinder hits you!
You hit Grinder but do no damage.
Grinder is moderately wounded.
Grinder says, "What is the universe for?"
You block Grinder's attack.
You barely miss Grinder.
Grinder is moderately wounded.
Grinder hits you.
You writhe in agony.
You hit Grinder.
Grinder is moderately wounded.
Grinder gestures at you. Pain shoots through your body!
* * * LOW HITPOINT WARNING * * *
Grinder hits you.
* * * LOW HITPOINT WARNING * * *
You barely miss Grinder.
Grinder is moderately wounded.
Grinder closely misses you.
You closely miss Grinder.
Grinder is moderately wounded.
Grinder hits you.
You die...

#.#.#.....##+#+#####
#.#.#.....##.#.#
#.#.########.#.#
#.#.# #.#.# #.#.#
#.#.# #.# #.#.# #.#
####.#.# ..#
#..#.#.####### .<#
#..#..[.@5...# ###
#..###.#####.# ..#
#.........#
#.#.######.###..#.#
..#.............#.#
..#######.####..#..
..# #........####
..######..........
..........#########


You could see Grinder.

Vanquished Creatures
  An adder (D:2)
  2 worms
  3 ball pythons
  5 endoplasms
  3 giant cockroaches
  2 goblins
  3 hobgoblins
  3 jackals (D:2)
  5 kobolds
  2 quokkas
  2 bats
  4 frilled lizards
  8 rats
43 creatures vanquished.

Notes
Turn   | Place    | Note
-------+----------+-------------------------------------------
     0 | D:1      | Darius099 the Gargoyle Fighter began the quest for the Orb.
     0 | D:1      | Reached XP level 1. HP: 14/14 MP: 1/1
   213 | D:1      | Reached XP level 2. HP: 19/19 MP: 2/2
   250 | D:1      | Found a faded altar of an unknown god.
   457 | D:1      | Found Qaated's General Store.
  1198 | D:2      | Reached XP level 3. HP: 22/23 MP: 3/3
  2069 | D:3      | Reached XP level 4. HP: 29/29 MP: 4/4
  2087 | D:3      | Noticed Grinder
  2095 | D:3      | Paralysed by Grinder for 2 turns
  2103 | D:3      | Paralysed by Grinder for 2 turns
  2110 | D:3      | Slain by Grinder

Illustrated notes

Levels and vault maps discovered:
D:1:      lightli_molten_gateway, layout_basic, ebering_ecumenical_altar_hall,
          serial_shops, nicolae_shop_trees, minmay_hedge_maze
D:2:      layout_loops_cross, grunt_decor_clamped
D:3:      layout_basic, wander_ebering_terrifying_dragon_lair, uniq_grinder

Action                     |  1- 3 |  4- 6 || total
---------------------------+-------+-------++-------
  Melee: Flail             |   154 |    17 ||   171
 Armour: Scale mail        |    67 |     2 ||    69
  Dodge: Dodged            |    54 |     4 ||    58
  Block: Buckler           |    58 |     5 ||    63
         Reflection        |     2 |       ||     2

Table legend: (Time is in decaauts)
 A = Elapsed time spent in this place.
 B = Non-inter-level travel time spent in this place.
 C = Inter-level travel time spent in this place.
 D = Time resting spent in this place.
 E = Time spent auto-exploring this place.
 F = Levels seen in this place.
 G = Mean time per level.
                   A        B        C        D        E       F      G
               +--------+--------+--------+--------+--------+-----+--------+
         Total |   2164 |   2098 |     66 |      0 |   1661 |   3 |  721.3 |
       Dungeon |   2164 |   2098 |     66 |      0 |   1661 |   3 |  721.3 |
               +--------+--------+--------+--------+--------+-----+--------+

Top non-repeatable levels by time:
     D:1: 1077 daAuts
     D:2: 785 daAuts
     D:3: 301 daAuts
